 Dungeon Crawl Stone Soup version 0.31-a0-1074-g0b22e4e0f1 (webtiles) character file.

Game seed: 11808237395557318325

590 LeprechaunX the Changeling (level 7, -2/46 HPs)
             Began as an Octopode Shapeshifter on Nov 27, 2023.
             Was a Believer of Ru.
             Slain by a bullfrog (6 damage)
             ... on level 5 of the Dungeon.
             The game lasted 00:05:35 (3518 turns).

LeprechaunX the Changeling (Octopode Shapeshifter)  Turns: 3518, Time: 00:05:37

Health: -2/46      AC:  1    Str: 13    XL:     7   Next: 39%
Magic:  7/7        EV: 13    Int: 12    God:    Ru [**....]
Gold:   170        SH:  0    Dex: 14    Spells: 6/6 levels left

rFire   x .          .
                       - Unarmed
rCold   x . .        (no shield)
rNeg    . . .        (helmet currently unavailable)
rPois   .            (no amulet)
rElec   .            k - ring of see invisible
rCorr   .            (no ring)
SInv    +            (no ring)
Will    .....        (no ring)
Stlth   ++           (no ring)
HPRegen 0.27/turn    (no ring)
MPRegen 0.10/turn    (no ring)
                     (no ring)

%: no passive effects
@: beast-form
A: beast (slay +3), almost no armour, amphibious, 8 rings, camouflage 1,
gelatinous body 1, temperature sensitive, (nimble swimmer 1), tentacles
a: Begin Untransformation, Renounce Religion


You were on level 5 of the Dungeon.
You worshipped Ru.
Ru was pleased with you.
You were a hulking beast.
You visited 1 branch of the dungeon, and saw 5 of its levels.

You collected 192 gold pieces.
You spent 22 gold pieces at shops.

Inventory:

Hand Weapons
 a - a +2 sling of flaming
Missiles
 g - 2 throwing nets
Jewellery
 k - a ring of see invisible (left tentacle)
Talismans
 b - a beast talisman
 c - a flux talisman
Wands
 q - a wand of paralysis (8)
 r - a wand of flame (48)
Scrolls
 f - 2 scrolls of poison
 h - a scroll of acquirement {unknown}
 i - a scroll of amnesia {unknown}
 l - a scroll of blinking {unknown}
 n - a scroll of revelation {unknown}
 o - a scroll of brand weapon {unknown}
 p - a scroll of identify
Potions
 d - a potion of lignification
 e - a potion of attraction {unknown}
 j - a potion of heal wounds {unknown}
 m - a potion of curing {unknown}
 s - a potion of mutation {unknown}


   Skills:
 + Level 3.4 Fighting
 + Level 2.9 Throwing
 - Level 2.0 Dodging
 + Level 4.5 Unarmed Combat
 * Level 5.4 Shapeshifting


You had 6 spell levels left.
You didn't know any spells.
Your spell library contained the following spells:

 Spells                   Type           Power      Damage    Failure   Level
 Sting                    Tmut/Pois      0%         1d3       32%         1
 Summon Small Mammal      Summ           0%         N/A       32%         1
 Ensorcelled Hibernation  Hex/Ice        0%         N/A       45%         2
 Jinxbite                 Hex            0%         N/A       45%         2
 Passwall                 Tmut/Erth      0%         N/A       45%         2
 Poisonous Vapours        Pois/Air       0%         N/A       45%         2
 Call Canine Familiar     Summ           0%         N/A       69%         3
 Summon Guardian Golem    Hex/Summ       0%         N/A       69%         3
 Swiftness                Air            0%         N/A       69%         3
 Anguish                  Hex/Necr       0%         N/A       97%         4
 Olgreb's Toxic Radiance  Pois           0%         N/A       97%         4


Dungeon Overview and Level Annotations

Branches:
Dungeon (5/15)
 Temple: D:4-7

Altars:
Ru

Shops:
D:1 [   D:2 ?

Annotations:
D:4 1 runed translucent door, Crazy Yiuf


Innate Abilities, Weirdness & Mutations

You are a hulking beast.
Your limbs bulge with bestial killing power. (Slay +3)
You cannot wear most types of armour.
You are amphibious.
You can wear up to eight rings at the same time.
Your skin changes colour to match your surroundings (Stealth+).
Your rubbery body absorbs attacks. (AC +1, EV +1)
You are sensitive to extremes of temperature. (rF-, rC-)
((You are camouflaged when in or above water. (Stealth+)))
You have tentacles for arms and can constrict up to eight enemies at once.


Message History

The jelly quivers.
You hear an angry hiss. x2
The jelly quivers.
You hear a shout!
The sleepcap barely misses you. The phantom barely misses you.
An adder comes into view.
Unknown command.
Unknown command.
An iguana comes into view.
A sky beast comes into view.
You redirect the sleepcap's attack!
The sleepcap releases spores at itself but does no damage.
The phantom hits you.
You redirect the bullfrog's attack!
The bullfrog barely misses something.
The phantom closely misses you.
The bullfrog snags a nearby blue-tailed skink with its tongue.
The bullfrog hits you.
You focus your inner power and illuminate the bullfrog in retribution!
The jelly quivers.
The sky beast flickers out of sight for a moment.
The sleepcap attacks as it pursues you! The sleepcap releases spores at you.
The phantom attacks as it pursues you! The phantom closely misses you.
The bullfrog hits you. The bullfrog misses you.
The bullfrog attacks as it pursues you! The bullfrog closely misses you.
The phantom attacks as it pursues you! The phantom closely misses you.
The phantom attacks as it pursues you!
You redirect the phantom's attack!
The phantom barely misses the bullfrog.
The bullfrog barely misses you. The bullfrog attacks as it pursues you!
The bullfrog hits you. The bullfrog attacks as it pursues you!
The bullfrog hits you.
* * * LOW HITPOINT WARNING * * *
The bullfrog misses you.
You bludgeon the bullfrog! You grab the bullfrog.
You tentacle-slap the bullfrog.
The bullfrog is heavily wounded.
You constrict the bullfrog. The bullfrog hits you!
* * * LOW HITPOINT WARNING * * *
The bullfrog hits you.
You die...

.........#.##########
......##.#.#....#.. ......
#.#...##.#.#####+ ......
#.######.#.......
..######........#....... .
#...........#.......
..#####.#.......>.........
........#.#######.#######+
####......####.hFS##
........<......##J.#
##################W#
............J.W#
..#...#...#.S.S#
...#.#...#[#sS##
#...#...#..l#J#
S..........Y.f#
#...#...#.........


You could see a phantom, a bullfrog (corona), a jelly and an adder.

Vanquished Creatures
  Duvessa (D:4)
  3 scorpions
  Dowan (D:4)
  2 hounds (D:4)
  An orc priest (D:3)
  An iguana (D:4)
  Natasha (twice) (D:4)
  4 adders
  2 dart slugs
  7 orcs
  4 bats
  4 endoplasms
  6 goblins
  8 hobgoblins
  3 jackals (D:2)
  A quokka (D:1)
  3 ball pythons
  4 frilled lizards (D:1)
  2 kobolds (D:2)
  8 rats
67 creatures vanquished.

Notes
Turn   | Place    | Note
-------+----------+-------------------------------------------
     0 | D:1      | LeprechaunX the Octopode Shapeshifter began the quest for
                  | the Orb.
     0 | D:1      | Reached XP level 1. HP: 13/13 MP: 1/1
   137 | D:1      | Reached XP level 2. HP: 18/18 MP: 2/2
   265 | D:1      | Found Diociar's Antique Armour Emporium.
   624 | D:2      | Reached XP level 3. HP: 22/23 MP: 3/3
  1092 | D:2      | Reached XP level 4. HP: 15/29 MP: 4/4
  1205 | D:2      | Found Dugeiz's Magic Scroll Shoppe.
  1208 | D:2      | Bought a scroll of identify for 22 gold pieces
  1530 | D:3      | Found a sacrificial altar of Ru.
  1541 | D:3      | Became a worshipper of Ru the Awakened
  1553 | D:3      | Reached skill level 1 in Throwing
  1600 | D:3      | Found a faded altar of an unknown god.
  1879 | D:3      | Reached skill level 4 in Shapeshifting
  2486 | D:4      | Noticed a scorpion
  2494 | D:4      | Killed a scorpion
  2495 | D:4      | Reached XP level 5. HP: 30/35 MP: 5/5
  2613 | D:4      | Noticed Natasha
  2616 | D:4      | Reached XP level 6. HP: 41/41 MP: 6/6
  2624 | D:4      | Killed Natasha
  2715 | D:4      | Noticed Duvessa
  2902 | D:4      | Noticed Natasha
  2907 | D:4      | Killed Natasha
  3057 | D:4      | Found a runed translucent door.
  3058 | D:4      | Noticed Crazy Yiuf
  3080 | D:4      | Gained mutation: You are sensitive to extremes of
                  | temperature. (rF-, rC-) [Ru sacrifice]
  3080 | D:4      | Reached * piety under Ru
  3080 | D:4      | Reached ** piety under Ru
  3293 | D:4      | Killed Duvessa
  3294 | D:4      | Reached skill level 5 in Shapeshifting
  3298 | D:4      | Noticed Dowan
  3307 | D:4      | Killed Dowan
  3308 | D:4      | Reached XP level 7. HP: 44/46 MP: 7/7
  3413 | D:5      | Entered Level 5 of the Dungeon
  3518 | D:5      | Slain by a bullfrog

Illustrated notes

Levels and vault maps discovered:
D:1:      shiori_arrival_elements, layout_rooms, serial_shops, shop_coins
D:2:      layout_basic, serial_shops, nicolae_shop_rolled_up,
          corexii_item_surrounded_by_moat
D:3:      layout_basic, mainiacjoe_overflow_six_doors_small,
          basic_ecumenical_altar
D:4:      layout_basic, kennysheep_cross_room, uniq_natasha, uniq_duvessa,
          uniq_crazy_yiuf_cottage
D:5:      cheibrodos_fzero, layout_basic,
          grunt_temple_overflow_order_and_chaos_1, uniq_menkaure

Skill      XL: |  1  2  3  4  5  6 |
---------------+-------------------+-----
Throwing       | 1 2 |  2.9
Fighting       | 2 3 |  3.4
Shapeshifting  | 4 5 |  5.4
Unarmed Combat | 4 |  4.5
Dodging        | |  2.0

Action                     |  1- 3 |  4- 6 |  7- 9 || total
---------------------------+-------+-------+-------++-------
  Melee: Unarmed           |    60 |    62 |    14 ||   136
         Constrict         |    16 |    18 |     3 ||    37
         Tentacles         |    11 |    13 |     3 ||    27
         Punch             |     1 |       |     2 ||     3
   Fire: Sling             |       |    13 |       ||    13
 Invoke: Sacrifice Resista |       |     1 |       ||     1
    Use: Scroll            |       |     1 |       ||     1
   Stab: Sleeping          |     9 |     7 |     1 ||    17
         Distracted        |       |     1 |       ||     1
 Armour: Skin              |    25 |    26 |    13 ||    64
  Dodge: Dodged            |    26 |    32 |    14 ||    72

Table legend: (Time is in decaauts)
 A = Elapsed time spent in this place.
 B = Non-inter-level travel time spent in this place.
 C = Inter-level travel time spent in this place.
 D = Time resting spent in this place.
 E = Time spent auto-exploring this place.
 F = Levels seen in this place.
 G = Mean time per level.
                   A        B        C        D        E       F      G
               +--------+--------+--------+--------+--------+-----+--------+
         Total |   3510 |   3237 |    273 |    140 |   2632 |   5 |  702.0 |
       Dungeon |   3510 |   3237 |    273 |    140 |   2632 |   5 |  702.0 |
               +--------+--------+--------+--------+--------+-----+--------+

Top non-repeatable levels by time:
     D:4: 1085 daAuts
     D:3: 877 daAuts
     D:2: 845 daAuts
     D:1: 599 daAuts
     D:5: 103 daAuts
